 Dungeon Crawl Stone Soup version 0.27-a0-1046-g98bf31544f (webtiles) character file.

Game seed: 10773382559164529421

238 senseless the Skirmisher (level 5, 0/47 HPs)
             Began as a Demonspawn Fighter on Apr 19, 2021.
             Was a Believer of Dithmenos.
             Slain by a two-headed ogre
             ... wielding a +0 giant club
              (2 damage)
             ... on level 4 of the Dungeon.
             The game lasted 00:10:14 (3712 turns).

senseless the Skirmisher (Demonspawn Fighter)       Turns: 3712, Time: 00:10:15

Health: 0/47       AC: 15    Str: 18    XL:     5   Next: 78%
Magic:  5/5        EV:  2    Int:  9    God:    Dithmenos [**....]
Gold:   55         SH:  8    Dex: 12    Spells: 3/4 levels left

rFire    . . .     SeeInvis .   a - +0 long sword
rCold    . . .     Faith    +   c - +0 kite shield
rNeg     . . .     Spirit   .   f - +2 plate armour
rPois    .         Reflect  .   (helmet restricted)
rElec    .         Harm     .   (no cloak)
rCorr    .         Rampage  .   e - +0 pair of gloves
Will     .....                  j - +0 pair of boots
Stlth    ..........             s - amulet of faith
HPRegen  0.15/turn              (no ring)
MPRegen  0.09/turn              (no ring)

@: wreathed by umbra
A: hooves 1, horns 2, foul stench 1
a: Renounce Religion, Shadow Step


You were on level 4 of the Dungeon.
You worshipped Dithmenos.
Dithmenos was pleased with you.
You visited 1 branch of the dungeon, and saw 4 of its levels.

You collected 55 gold pieces.

Inventory:

Hand Weapons
 a - a +0 long sword (weapon)
 i - a +1 whip of freezing
Armour
 c - a +0 kite shield (worn)
 e - a +0 pair of gloves (worn)
 f - a +2 plate armour (worn)
 j - a +0 pair of boots (worn)
 m - a +0 ring mail of fire resistance
 o - a +1 helmet
Jewellery
 q - a ring of ice
 s - an amulet of faith (around neck)
 t - an amulet of the acrobat
Scrolls
 b - a scroll of teleportation
 r - a scroll of amnesia
Potions
 d - a potion of might
 g - 2 potions of haste
 k - a potion of lignification
 l - a potion of brilliance
 n - a potion of heal wounds {unknown}
 p - a potion of curing {unknown}


   Skills:
 * Level 6.5 Fighting
 - Level 1.7 Long Blades
 - Level 2.7 Armour
 - Level 2.7 Shields


You had 3 spell levels left.
You knew the following spells:

 Your Spells              Type           Power      Damage    Failure   Level
a - Foxfire               Conj/Fire      0%         2x1d4     100%        1

Your spell library contained the following spells:

 Spells                   Type           Power      Damage    Failure   Level
 Conjure Flame            Conj/Fire      0%         6-21      100%        3
 Inner Flame              Hex/Fire       0%         N/A       100%        3
 Sticky Flame             Conj/Fire      0%         2d3       100%        4
 Fireball                 Conj/Fire      0%         3d3       100%        5


Dungeon Overview and Level Annotations

Branches:
Dungeon (4/15)
 Temple: D:4-7

Altars:
Dithmenos
Elyvilon

Annotations:
D:4 Eustachio


Innate Abilities, Weirdness & Mutations

You have large cloven feet.
You have a pair of horns on your head.
You may rarely emit foul miasma when damaged in melee.


Message History

You start resting.
A ball python comes into view.
The ball python moves out of view.
A jackal comes into view.
A goblin comes into view.
It is wielding a +0 club and carrying a wand of flame (12).
The jackal barks!
The goblin shouts!
A two-headed ogre comes into view. It is wielding two +0 giant clubs.
Items here: ))))) ††.
The two-headed ogre shouts in stereo!
You hit the jackal.
You kill the jackal!
Dithmenos accepts your kill.
Eustachio the Magnificent comes into view.
He is wielding a +0 rapier.
Eustachio shouts!
Found an orange potion.
Items here: ))))) ††.
The ball python bites you but does no damage.
You block the ball python's attack.
You slash the ball python!
You kill the ball python!
Dithmenos accepts your kill.
The two-headed ogre hits you with a +0 giant club.
You block the two-headed ogre's attack. You block the goblin's attack.
Items here: ))))) †††.
You are too injured to fight recklessly!
The goblin zaps a wand.
You block the puff of flame.
You are too injured to fight recklessly!
You hit the two-headed ogre but do no damage.
You block the two-headed ogre's attack. x2
You barely miss the two-headed ogre.
The two-headed ogre hits you with a +0 giant club!
* * * LOW HITPOINT WARNING * * *
You block the two-headed ogre's attack.
Eustachio mumbles some strange words.
You slash the two-headed ogre! You headbutt the two-headed ogre!
The two-headed ogre is moderately wounded.
The two-headed ogre hits you with a +0 giant club!
* * * LOW HITPOINT WARNING * * *
The two-headed ogre hits you with a +0 giant club.
You die...

.....$.......
#........#..#
.........#.. # #
#.......#.##.#.#
#.......#......#
#..5........#
####@g....#
#O#....#
#@##....@.
#####.##......
##......# .....
#<......# .....
##.[....# ...!
#......# ##.#
#......#
########


You could see a two-headed ogre, Eustachio, an ufetubus (summoned) and a goblin.

Vanquished Creatures
  A howler monkey (D:4)
  An iguana (D:4)
  Robin (D:3)
  6 adders
  2 dart slugs
  4 orcs
  11 ball pythons
  9 endoplasms
  2 giant cockroaches
  7 hobgoblins
  8 jackals
  3 quokkas
  3 bats (D:1)
  7 frilled lizards
  15 goblins
  11 kobolds
  6 rats
97 creatures vanquished.

Notes
Turn   | Place    | Note
-------+----------+-------------------------------------------
     0 | D:1      | senseless the Demonspawn Fighter began the quest for the
                  | Orb.
     0 | D:1      | Reached XP level 1. HP: 18/18 MP: 1/1
   336 | D:1      | Gained mutation: You have a pair of small horns on your
                  | head. [demonic ancestry]
   336 | D:1      | Reached XP level 2. HP: 20/24 MP: 2/2
   667 | D:1      | Reached skill level 4 in Fighting
   770 | D:1      | Gained mutation: You have a pair of horns on your head.
                  | [demonic ancestry]
   770 | D:1      | Reached XP level 3. HP: 30/30 MP: 3/3
   939 | D:1      | Found a faded altar of an unknown god.
  1030 | D:1      | Became a worshipper of Dithmenos the Shadowed
  1030 | D:1      | Reached * piety under Dithmenos
  1911 | D:2      | Learned a level 1 spell: Foxfire
  2081 | D:2      | Gained mutation: You may rarely emit foul miasma when
                  | damaged in melee. [demonic ancestry]
  2081 | D:2      | Reached XP level 4. HP: 38/38 MP: 4/4
  2363 | D:2      | Reached skill level 5 in Fighting
  2840 | D:3      | Noticed Robin
  2862 | D:3      | Killed Robin
  2882 | D:3      | Reached ** piety under Dithmenos
  3381 | D:3      | Gained mutation: You have large cloven feet. [demonic
                  | ancestry]
  3381 | D:3      | Reached XP level 5. HP: 46/46 MP: 5/5
  3635 | D:4      | Reached skill level 6 in Fighting
  3700 | D:4      | Noticed a two-headed ogre
  3702 | D:4      | Noticed Eustachio
  3712 | D:4      | HP: 2/47 [two-headed ogre/+0 giant club (9)]
  3712 | D:4      | Slain by a two-headed ogre

Illustrated notes

Levels and vault maps discovered:
D:1:      dpeg_arrival_arbitrary_c, layout_loops_corners,
          shapermc_ecumenical_altar_mp_vishouse, serial_park_tiny_2,
          roderic_serpentine_path
D:2:      layout_basic, basic_altar
D:3:      layout_basic, uniq_robin
D:4:      layout_basic, minmay_temple_entry_sparse_star, portal_sewer_entry_e,
          minmay_manual_mess, uniq_eustachio, uniq_grinder

Skill      XL: |  1  2  3  4  5 |
---------------+----------------+-----
Fighting       | 4 5 6 |  6.5
Long Blades    | |  1.7
Armour         | |  2.7
Shields        | |  2.7

Action                   |  1- 3 |  4- 6 || total
-------------------------+-------+-------++-------
Melee: Long sword        |   141 |   149 ||   290
       Headbutt          |    15 |    26 ||    41
  Use: Scroll            |       |     9 ||     9
Armor: Scale mail        |    18 |       ||    18
       Plate armour      |    74 |   117 ||   191
Dodge: Dodged            |    19 |     9 ||    28
Block: Kite shield       |    61 |    83 ||   144
       Rpst.: Long sword |     5 |     4 ||     9

Table legend: (Time is in decaauts)
 A = Elapsed time spent in this place.
 B = Non-inter-level travel time spent in this place.
 C = Inter-level travel time spent in this place.
 D = Time resting spent in this place.
 E = Time spent auto-exploring this place.
 F = Levels seen in this place.
 G = Mean time per level.
                   A        B        C        D        E       F      G
               +--------+--------+--------+--------+--------+-----+--------+
         Total |   3874 |   3646 |    228 |    418 |   2499 |   4 |  968.5 |
       Dungeon |   3874 |   3646 |    228 |    418 |   2499 |   4 |  968.5 |
               +--------+--------+--------+--------+--------+-----+--------+

Top non-repeatable levels by time:
     D:1: 1544 daAuts
     D:2: 1249 daAuts
     D:3: 905 daAuts
     D:4: 174 daAuts
